Map: 2000 Atmospheres LE

Players

DPGrogue (Rogue) - Winner!

  • Race: Zerg Zerg

LiquidMaNa (MaNa)

  • Race: Protoss Protoss

Event: TSL 8

VOD

Have the link to the VOD?

Description

Time

  • Played on: Nov. 27, 2021, 9:13 a.m.
  • Length: 7:32

All games in this series

Show
View Real Time Build Order
Export as new Build Order

DPGrogue Zerg - Winner!

Build Orders: Hatch First 

Get SALT Encoding   

  12  0:00  Drone  
  13  0:13  Overlord  
  13  0:17  Drone  
  14  0:31  Drone x2  
  16  0:43  Drone  
  17  0:53  Hatchery  
  17  0:55  Drone  
  17  0:59  Drone  
  18  1:09  Extractor  
  17  1:14  Spawning Pool  
  17  1:16  Drone  
  17  1:20  Drone  
  18  1:28  Drone  
  19  1:39  Drone  
  20  1:50  Overlord  
  20  2:02  Zergling x2  
  20  2:04  Queen x2  
  20  2:05  Zergling x2  
  26  2:12  Drone  
  26  2:13  Metabolic Boost  
  27  2:16  Drone  
  29  2:22  Drone  
  29  2:28  Drone  
  30  2:34  Drone  
  32  2:37  Drone  
  32  2:42  Hatchery  
  32  2:44  Zergling x2  
  32  2:48  Queen  
  34  2:55  Overlord  
  34  2:58  Zergling x2  
  35  3:05  Zergling x2  
  36  3:10  Drone  
  36  3:15  Drone x3  
  36  3:16  Queen  
  36  3:17  Drone x2  
  43  3:20  Overlord  
  43  3:24  Zergling x2  
  44  3:27  Spore Crawler  
  43  3:38  Drone  
  43  3:39  Drone x3  
  46  3:42  Evolution Chamber  
  46  3:45  Drone  
  46  3:46  Drone x2  
  46  3:47  Drone  
  48  3:50  Drone  
  48  3:54  Queen  
  51  3:59  Drone x3  
  54  4:04  Drone  
  54  4:05  Spore Crawler  
  54  4:08  Overlord  
  54  4:09  Drone x2  
  56  4:13  Zerg Melee Weapons Level 1  
  56  4:16  Drone  
  57  4:19  Drone  
  57  4:21  Overlord  
  57  4:24  Extractor  
  57  4:25  Zergling x4  
  57  4:29  Drone x4  
  62  4:33  Queen  
  62  4:35  Drone  
  65  4:39  Queen  
  65  4:45  Drone x5  
  70  4:52  Overlord  
  72  4:54  Queen  
  72  4:55  Baneling Nest  
  72  4:56  Spore Crawler  
  72  4:59  Overlord  
  72  5:04  Drone  
  72  5:06  Overlord  
  73  5:11  Zergling x14  
  78  5:16  Queen  
  78  5:19  Overlord  
  78  5:24  Zergling x2  
  78  5:25  Zergling x8  
  78  5:27  Zergling x2  
  84  5:31  Zergling x6  
  87  5:36  Overlord  
  87  5:41  Hatchery  
  86  5:46  Zergling x10  
  86  5:49  Queen  
  92  6:00  Baneling  
  92  6:01  Baneling x14  
  92  6:07  Zergling x12  
  92  6:10  Zergling x2  
  99  6:15  Baneling x3  
  99  6:17  Zergling x10  
  97  6:25  Zergling x2, Queen  
  97  6:26  Queen  
  97  6:29  Zergling x4  
  97  6:31  Zergling x2  
  96  6:37  Queen  
  96  6:39  Zergling x2  
  92  6:40  Zergling x2  
  92  6:45  Drone  
  92  6:46  Drone  
  88  6:50  Drone  
  88  6:51  Drone x2  
  90  6:54  Drone  
Show
View Real Time Build Order
Export as new Build Order

LiquidMaNa Protoss 

Build Orders: 1 Gate Expand, Oracle Opening 

Get SALT Encoding   

  12  0:00  Probe  
  13  0:12  Probe  
  14  0:19  Pylon  
  14  0:24  Probe  
  15  0:37  Probe (Chrono Boost)  
  15  0:40  Gateway  
  16  0:47  Probe (Chrono Boost)  
  17  0:50  Assimilator  
  17  0:52  Probe (Chrono Boost)  
  18  1:03  Probe (Chrono Boost)  
  19  1:13  Probe (Chrono Boost)  
  20  1:28  Nexus  
  20  1:37  Cybernetics Core  
  20  1:40  Probe  
  21  1:47  Assimilator  
  21  1:52  Probe  
  22  1:57  Pylon  
  22  2:04  Probe  
  23  2:12  Adept (Chrono Boost)  
  25  2:16  Probe  
  25  2:19  Stargate  
  26  2:24  Warp Gate  
  26  2:28  Probe  
  27  2:34  Adept (Chrono Boost)  
  29  2:41  Probe x2  
  31  2:53  Probe x2  
  31  2:55  Adept (Chrono Boost), Void Ray (Chrono Boost)  
  35  3:05  Probe  
  40  3:14  Probe  
  40  3:17  Probe  
  42  3:21  Pylon  
  42  3:26  Probe  
  44  3:37  Oracle  
  44  3:39  Probe x2  
  46  3:51  Probe x2  
  46  3:52  Gateway  
  48  4:01  Nexus  
  46  4:03  Probe x2  
  46  4:04  Robotics Facility  
  46  4:05  Pylon  
  48  4:13  Adept  
  48  4:15  Probe x2  
  52  4:18  Assimilator  
  52  4:19  Assimilator  
  52  4:20  Void Ray  
  52  4:30  Shield Battery  
  56  4:33  Probe  
  58  4:38  Probe  
  58  4:45  Probe  
  59  4:50  Probe  
  60  4:53  Robotics Bay, Forge  
  60  4:57  Probe  
  61  5:02  Probe, Pylon  
  62  5:07  Void Ray  
  62  5:13  Probe (Chrono Boost)  
  67  5:15  Probe (Chrono Boost)  
  67  5:17  Probe (Chrono Boost)  
  69  5:25  Probe (Chrono Boost)  
  69  5:27  Photon Cannon, Probe (Chrono Boost)  
  72  5:29  Probe (Chrono Boost)  
  72  5:32  Fleet Beacon  
  72  5:33  Probe (Chrono Boost), Stargate  
  73  5:35  Probe (Chrono Boost), Stargate  
  73  5:36  Probe (Chrono Boost)  
  73  5:41  Assimilator  
  75  5:43  Probe  
  75  5:44  Assimilator  
  75  5:46  Probe  
  75  5:49  Probe  
  78  5:53  Photon Cannon  
  78  5:58  Sentry  
  78  5:59  Photon Cannon, Sentry  
  78  6:01  Photon Cannon  
  78  6:03  Shield Battery  
  82  6:13  Void Ray (Chrono Boost)  
  82  6:14  Pylon  
  82  6:17  Pylon  
  82  6:25  Void Ray (Chrono Boost)  
  84  6:26  Void Ray (Chrono Boost)  
  82  6:33  Zealot x2  
  82  6:35  Flux Vanes  
  82  6:37  Probe  
  91  6:41  Probe  
  79  6:49  Probe  
  78  6:55  Zealot x2  
Tags
 
Add a new tag
Caveats
  • Supply blocks, unpowered buildings, or Contaminate may cause inaccurate times.
  • Supply counts are checked every 10 seconds.